 Dungeon Crawl Stone Soup version 0.25-a0-58-g9dd530fc12 (webtiles) character file.

Game seed: 9805812139913412660, levelgen mode: deterministic

4715 TerjeT the Thaumaturge (level 10, 0/69 HPs)
             Began as a Pale Draconian Earth Elementalist on Oct 26, 2019.
             Was a Priest of Vehumet.
             Killed from afar by an electric eel (8 damage)
             ... with a bolt of electricity
             ... on level 9 of the Dungeon.
             The game lasted 00:58:37 (7930 turns).

TerjeT the Thaumaturge (DrEE)                       Turns: 7930, Time: 00:58:40

Health: 0/69       AC:  9    Str: 15    XL:     10   Next: 22%
Magic:  12/23      EV: 12    Int: 18    God:    Vehumet [***...]
Gold:   302        SH:  0    Dex: 11    Spells: 6/27 levels left

rFire    x . .     SeeInvis .   l - +5 quarterstaff (chaos)
rCold    + . .     Gourm    .   (shield currently unavailable)
rNeg     . . .     Faith    .   (armour unavailable)
rPois    .         Spirit   .   (helmet restricted)
rElec    .         Reflect  .   h - +0 cloak
rCorr    .         Harm     .   (no gloves)
MR       .....                  q - +0 pair of boots
Stlth    ++........             g - amulet of regeneration
HPRegen  0.61/turn              B - +3 ring of strength
MPRegen  0.18/turn              A - ring of ice

@: very slightly contaminated
A: breathe steam, unfitting armour, cold-blooded, AC +7
a: Breathe Steam, Renounce Religion


You were on level 9 of the Dungeon.
You worshipped Vehumet.
Vehumet was most pleased with you.
You were not hungry.

You visited 1 branch of the dungeon, and saw 9 of its levels.

You collected 463 gold pieces.
You spent 161 gold pieces at shops.

Inventory:

Hand Weapons
 e - a +0 dagger of venom
 l - a +5 quarterstaff of chaos (weapon)
Missiles
 b - 60 stones (quivered)
Armour
 h - a +0 cloak (worn)
 q - a +0 pair of boots (worn)
Jewellery
 g - an amulet of regeneration (around neck)
 n - an uncursed ring of see invisible
 u - an uncursed ring of positive energy
 z - an uncursed amulet of the gourmand
 A - a ring of ice (right hand)
 B - a +3 ring of strength (left hand)
 C - an uncursed amulet of guardian spirit
Wands
 p - a wand of clouds (4)
 r - a wand of random effects (4)
 w - a wand of iceblast (6)
 E - a wand of disintegration (6)
Scrolls
 i - 5 scrolls of identify
 k - 6 scrolls of amnesia
 s - 5 scrolls of teleportation
 t - a scroll of remove curse
 y - 2 scrolls of fog
 D - a scroll of silence
Potions
 a - 6 potions of agility
 f - a potion of mutation {unknown}
 j - a potion of brilliance {unknown}
 m - 3 potions of curing
 o - 4 potions of lignification
 v - 3 potions of degeneration
 x - a potion of resistance {unknown}
 F - a potion of ambrosia
Comestibles
 c - 13 rations


   Skills:
 - Level 2.0 Staves
 - Level 2.3 Dodging
 - Level 1.9 Stealth
 - Level 0.6 Unarmed Combat
 - Level 9.4 Spellcasting
 + Level 1.0 Transmutations
 * Level 7.9 Fire Magic
 * Level 6.0 Air Magic
 - Level 6.2 Earth Magic


You had 6 spell levels left.
You knew the following spells:

 Your Spells              Type           Power        Failure   Level  Hunger
a - Sandblast             Erth           ####..       1%          1    None
b - Lee's Rapid Deconstr  Erth           ####......   5%          5    #####..
c - Magic Dart            Conj           #...         2%          1    None
d - Conjure Flame         Conj/Fire      ###.....     1%          3    None
e - Mephitic Cloud        Conj/Pois/Air  ###.....     3%          3    None
f - Flame Tongue          Conj/Fire      ###..        1%          1    None
g - Throw Flame           Conj/Fire      ###...       1%          2    None
h - Passwall              Tmut/Erth      ###.....     3%          2    None
i - Inner Flame           Hex/Fire       ###.....     1%          3    None

Your spell library contained the following spells:

 Spells                   Type           Power        Failure   Level  Hunger
 Stone Arrow              Conj/Erth      ###...       1%          3    None
 Sting                    Conj/Pois      #...         2%          1    None
 Poisonous Vapours        Pois/Air       ###...       3%          2    None
 Dazzling Spray           Conj/Hex       #.....       7%          3    None
 Corona                   Hex            #......      9%          1    None
 Blink                    Tloc           N/A          13%         2    None
 Call Imp                 Summ           #.......     13%         2    None
 Ensorcelled Hibernation  Hex/Ice        ##....       13%         2    None
 Slow                     Hex            #.......     13%         2    None
 Petrify                  Tmut/Erth      ###.....     19%         4    ###....
 Olgreb's Toxic Radiance  Pois           #.......     21%         4    ###....
 Confuse                  Hex            #.......     26%         3    None
 Tukima's Dance           Hex            #.......     26%         3    None
 Venom Bolt               Conj/Pois      #.........   50%         5    #####..


Dungeon Overview and Level Annotations

Branches:
Dungeon (9/15)             Temple (0/1) D:7            Lair (0/6) D:9
    Orc (0/2) D:9

Altars:
Dithmenos
Kikubaaqudgha
Makhleb
Ru
Sif Muna
Vehumet
Wu Jian
The Shining One

Shops:
D:6 *

Annotations:
D:7 2 transporters, will825x's ghost, amateur DrEn


Innate Abilities, Weirdness & Mutations

You can breathe blasts of scalding, opaque steam.
Your pale cyan-grey scales are hard. (AC +7)
You cannot fit into any form of body armour.
You are cold-blooded and may be slowed by cold attacks.


Message History

You are very lightly contaminated with residual magic.
Nothing appears to happen.
The electric eel shoots out a bolt of lightning at you!
The bolt of electricity misses you. The bolt of electricity hits you!
* * * LOW HITPOINT WARNING * * *
Casting: Magic Dart (safe; 2% risk of failure)
Confirm with . or Enter, or press ? or * to list all spells.
You can't see any susceptible monsters within range! (Use Z to cast anyway.)
Casting: Magic Dart (safe; 2% risk of failure)
Confirm with . or Enter, or press ? or * to list all spells.
Aiming: Magic Dart (safe; 2% risk of failure)
Press: ? - help, Shift-Dir - straight line, f/p - electric eel
Aim: an electric eel (water, almost dead)
The magic dart hits the electric eel.
The electric eel is almost dead.
The electric eel shoots out a bolt of lightning at you!
The bolt of electricity hits you!
* * * LOW HITPOINT WARNING * * *
The bolt of electricity hits you!
You die...

...≈≈≈≈≈≈.
..≈≈≈.≈.>..≈≈≈≈≈.
...≈≈≈....≈≈≈≈≈≈#
##.≈≈≈≈.≈.≈.≈≈≈≈≈#
.!..≈≈;≈≈≈≈≈≈≈≈≈#
....≈≈≈≈≈≈≈≈≈..≈#
#####..≈≈≈≈.≈≈≈≈≈...#+
#........≈.≈≈≈≈.≈≈....
# #@≈..≈.≈.≈.≈......
#.#........≈....≈...
#.#.................
#...#..<####..+.....
###.#######..##.....
#...#.'...###.....
#.#.#.##### #.....
...#...# #.....
######### ####'.


You could see an electric eel.

Vanquished Creatures
  Pikel (D:7)
  An ice statue (D:8)
  Joseph (D:7)
  Grinder (D:5)
  Sigmund (D:2)
  4 orc warriors
  A black bear (D:8)
  3 ogres
  4 wolves (D:9)
  6 bullfrogs
  A scorpion (D:4)
  A howler monkey (D:8)
  2 vampire bats (D:6)
  5 crimson imps
  2 jellies
  A quasit (D:5)
  Crazy Yiuf (D:2)
  2 bullfrog skeletons
  7 orc priests
  3 centaur skeletons
  7 hounds
  11 orc wizards
  Ijyb (D:5)
  Terence (D:3)
  2 iguanas
  6 worker ants
  A hound skeleton (D:5)
  3 worker ant zombies
  4 gnolls (D:6)
  A howler monkey zombie (D:7)
  8 adders
  2 howler monkey skeletons
  A shadow imp (D:7)
  An ooze (D:2)
  An adder skeleton (D:6)
  An adder zombie (D:9)
  3 worms
  3 dart slugs
  3 leopard geckos
  32 orcs
  A ball python (D:3)
  6 bats
  2 bat skeletons (D:6)
  4 bat zombies (D:6)
  9 giant cockroaches
  6 goblins
  3 hobgoblins
  22 jackals
  A quokka (D:2)
  5 frilled lizards
  2 jackal skeletons
  9 kobolds
  15 rats
225 creatures vanquished.

Vanquished Creatures (others)
  A hungry ghost (D:7)
  A slave (D:7)
  An ogre (D:7)
  A quasit (D:7)
4 creatures vanquished.

Grand Total: 229 creatures vanquished

Notes
Turn   | Place    | Note
-------+----------+-------------------------------------------
     0 | D:1      | TerjeT the Draconian Earth Elementalist began the quest for
                  | the Orb.
     0 | D:1      | Reached XP level 1. HP: 14/14 MP: 3/3
   271 | D:1      | Reached XP level 2. HP: 18/20 MP: 1/5
   711 | D:1      | Reached XP level 3. HP: 26/26 MP: 6/6
  1413 | D:2      | Noticed Sigmund
  1427 | D:2      | Killed Sigmund
  1427 | D:2      | Reached skill level 3 in Spellcasting
  1427 | D:2      | Reached XP level 4. HP: 30/33 MP: 0/9
  1427 | D:2      | Reached XP level 5. HP: 35/38 MP: 0/10
  1648 | D:2      | Found a burning altar of Makhleb.
  1659 | D:2      | Reached skill level 5 in Earth Magic
  1979 | D:2      | Found a runed translucent door.
  1980 | D:2      | Noticed Crazy Yiuf
  1987 | D:2      | Killed Crazy Yiuf
  1987 | D:2      | Reached skill level 4 in Spellcasting
  1987 | D:2      | Reached XP level 6. HP: 41/45 MP: 6/12
  2393 | D:3      | Noticed Terence
  2407 | D:3      | Killed Terence
  2684 | D:3      | You fall into a shaft and drop 2 floors!
  2684 | D:5      | Entered Level 5 of the Dungeon
  2715 | D:5      | Reached skill level 1 in Staves
  3158 | D:4      | Learned a level 5 spell: Lee's Rapid Deconstruction
  3278 | D:4      | Your scales start taking on a pale cyan-grey colour.
  3278 | D:4      | Reached XP level 7. HP: 50/50 MP: 12/14
  3448 | D:4      | Reached skill level 5 in Spellcasting
  3588 | D:4      | Learned a level 1 spell: Magic Dart
  3592 | D:4      | Learned a level 3 spell: Conjure Flame
  3955 | D:5      | Noticed Ijyb
  3959 | D:5      | Killed Ijyb
  3964 | D:5      | Reached skill level 1 in Fire Magic
  4119 | D:5      | Noticed Grinder
  4125 | D:5      | Paralysed by Grinder for 5 turns
  4132 | D:5      | Killed Grinder
  4132 | D:5      | Reached skill level 6 in Spellcasting
  4132 | D:5      | Reached XP level 8. HP: 43/57 MP: 7/17
  4318 | D:5      | Found an ornate altar of the Wu Jian Council.
  4318 | D:5      | Found a shadowy altar of Dithmenos.
  4319 | D:5      | Found a glowing golden altar of the Shining One.
  4319 | D:5      | Found a sacrificial altar of Ru.
  4570 | D:5      | Reached skill level 7 in Spellcasting
  4983 | D:6      | Found a radiant altar of Vehumet.
  4990 | D:6      | Became a worshipper of Vehumet
  5029 | D:6      | Found Fukeclet's General Store.
  5032 | D:6      | Bought a scroll of fog for 28 gold pieces
  5032 | D:6      | Bought a scroll of identify for 28 gold pieces
  5032 | D:6      | Bought a scroll of silence for 105 gold pieces
  5258 | D:6      | Found an ancient bone altar of Kikubaaqudgha.
  5309 | D:7      | Reached skill level 8 in Spellcasting
  5405 | D:7      | Noticed Pikel
  5418 | D:7      | Noticed Joseph
  5419 | D:7      | Killed Pikel
  5419 | D:7      | Reached XP level 9. HP: 57/62 MP: 8/21
  5443 | D:7      | Killed Joseph
  5443 | D:7      | Reached * piety under Vehumet
  5443 | D:7      | Offered knowledge of Flame Tongue by Vehumet.
  5443 | D:7      | Reached skill level 9 in Spellcasting
  5632 | D:7      | Learned a level 3 spell: Mephitic Cloud
  5636 | D:7      | Found a transporter.
  5640 | D:7      | Noticed will825x's ghost (amateur DrEn)
  5652 | D:7      | Reached skill level 5 in Fire Magic
  5694 | D:7      | Found a sacrificial altar of Ru.
  5719 | D:7      | Reached skill level 1 in Air Magic
  5726 | D:7      | Found a staircase to the Ecumenical Temple.
  5976 | D:7      | Found a transporter.
  6697 | D:8      | Noticed an ice statue
  6745 | D:8      | Learned a level 1 spell: Flame Tongue
  6861 | D:8      | Reached ** piety under Vehumet
  6875 | D:8      | Found a shimmering blue altar of Sif Muna.
  6982 | D:8      | Offered knowledge of Throw Flame by Vehumet.
  6987 | D:8      | Learned a level 2 spell: Throw Flame
  7277 | D:8      | Killed an ice statue
  7295 | D:8      | Learned a level 2 spell: Passwall
  7470 | D:9      | Reached XP level 10. HP: 28/69 MP: 7/23
  7478 | D:9      | Reached skill level 5 in Air Magic
  7609 | D:9      | Found a staircase to the Orcish Mines.
  7688 | D:9      | Offered knowledge of Inner Flame by Vehumet.
  7799 | D:9      | Reached *** piety under Vehumet
  7806 | D:9      | Learned a level 3 spell: Inner Flame
  7889 | D:9      | Found a staircase to the Lair.
  7930 | D:9      | Killed from afar by an electric eel

Levels and vault maps discovered:
D:1:      dpeg_cavernosity, layout_basic
D:2:      layout_basic, makhleb_blood_cavern_becter, uniq_sigmund,
          uniq_crazy_yiuf_cottage
D:3:      layout_loops_ring, kennysheep_generic_room_11, uniq_terence
D:4:      kb_forest_paths, layout_basic
D:5:      layout_loops_ring, grunt_temple_overflow_cloverleaf, first_ration,
          uniq_ijyb, uniq_grinder
D:6:      layout_rooms, kennysheep_vampire_church, vehumet_crystals,
          serial_shops, kennysheep_mini_moat
D:7:      layout_loops_ring, minmay_temple_entry_trees,
          gammafunk_ghost_stat_death, basic_altar, grunt_ogre_cave, uniq_pikel,
          uniq_joseph
D:8:      lemuel_ice_statue, layout_loops_ring, kennysheep_little_box
D:9:      layout_roguey, erik_lair_island, hiddenorc2_lemuel

Skill      XL: |  1  2  3  4  5  6  7  8  9 10 |
---------------+-------------------------------+-----
Dodging        | 2 |  2.3
Spellcasting   | 3 4 6 8 9 |  9.4
Earth Magic    | 4 5 6 |  6.2
Staves         | 1 2 |  2.0
Fire Magic     | 2 4 7 |  7.9
Air Magic      | 4 6 |  6.0
Stealth        | |  1.9
Unarmed Combat | |  0.6
Transmutations | |  1.0

Action                   |  1- 3 |  4- 6 |  7- 9 | 10-12 || total
-------------------------+-------+-------+-------+-------++-------
Melee: Unarmed           |    29 |       |       |       ||    29
       Dagger            |    50 |    28 |       |       ||    78
       Tailslap          |     6 |     8 |    19 |     1 ||    34
       Quarterstaff      |       |    70 |   191 |    30 ||   291
 Cast: Sandblast         |    23 |    36 |   112 |    27 ||   198
       Magic Dart        |       |       |    76 |    21 ||    97
       Conjure Flame     |       |       |     2 |       ||     2
       Throw Flame       |       |       |    19 |       ||    19
       Flame Tongue      |       |       |     7 |       ||     7
       Lee's Rapid Decon |       |       |     6 |     1 ||     7
       Mephitic Cloud    |       |       |     2 |       ||     2
 Abil: Breathe Steam     |       |       |     3 |     5 ||     8
  Use: Scroll            |       |     2 |    13 |       ||    15
       Potion            |       |       |       |     2 ||     2
 Stab: Sleeping          |     5 |     5 |     1 |       ||    11
       Paralysed         |       |     2 |     3 |       ||     5
       Confused          |       |       |     1 |       ||     1
  Eat: Chunk             |     2 |     6 |     9 |     2 ||    19
       Ration            |       |       |     2 |       ||     2
Armor: Skin              |    23 |    25 |    79 |    23 ||   150
Dodge: Dodged            |    65 |    76 |   136 |    38 ||   315

Table legend:
 A = Non-vault XP
 B = Vault XP
 C = Vault XP percentage of total XP
 D = Non-vault monster count
 E = Vault monster count
 F = Vault count percentage of total count
                 A         B        C        D         E       F
            +---------+---------+-------+---------+---------+-------
      Total |    2986 |    3750 |  55.7 |     159 |      66 |  29.3
            +---------+---------+-------+---------+---------+-------
        D:1 |      52 |       6 |  10.3 |      30 |       4 |  11.8
        D:2 |      42 |     302 |  87.8 |      14 |       3 |  17.6
        D:3 |     112 |      38 |  25.3 |      19 |       2 |   9.5
        D:4 |     389 |     132 |  25.3 |      18 |       5 |  21.7
        D:5 |     519 |     313 |  37.6 |      17 |       2 |  10.5
        D:6 |     367 |     124 |  25.3 |      15 |       8 |  34.8
        D:7 |     704 |    1019 |  59.1 |      21 |       2 |   8.7
        D:8 |     637 |     461 |  42.0 |      20 |       1 |   4.8
        D:9 |     164 |    1355 |  89.2 |       5 |      39 |  88.6
            +---------+---------+-------+---------+---------+-------
